Cogmind - Beta 15 *** ADVENTURER MODE // 2025.08.29 @ 23:59:41 Player: Knightshade Result: Core destroyed Performance ------------- Evolutions (2) 1000 Regions Visited (6) 1200 Robots Destroyed (124) 620 Value Destroyed (3315) 3315 Prototype IDs (17) 340 Alien Tech Used (0) 0 Bonus (585) 585 TOTAL SCORE: 7060 Bonus ------- Follower Combat Kills 469 Entered Garrisons 200 Friendly Fire -84 Cogmind --------- Core Integrity 0/550 Matter 187/300 Energy 150/150 System Corruption 0% Temperature Critical (624) Movement Core (900) Ox17 Location -8/Garrison Parts ------- > --- POWER (1) -------- Micro Nuclear Core > --- PROPULSION (2) --- (None) > --- UTILITY (6) ------ High-capacity Storage Unit Advanced Targeting Computer System Restoration Module > --- WEAPON (2) ------- Assault Cannon > --- INVENTORY (20) --- Gravmag System Cesium-ion Thruster Cesium-ion Thruster Cesium-ion Thruster Cesium-ion Thruster Improved VTOL Module Medium Storage Unit Machine Analyzer Hacking Suite Hacking Suite Hacking Suite System Shield System Shield System Shield Authchip [Propulsion] Authchip [Device] Mini Grenade Launcher Datajack Shock Maul Peak State ------------ > --- POWER ------------ Nuclear Core > --- PROPULSION ------- Armored Huge Wheel > --- UTILITY ---------- High-capacity Storage Unit Improved Sensor Array Advanced Targeting Computer Hardened Medium Armor Plating Hardened Medium Armor Plating Drone Bay > --- WEAPON ----------- Plasma Cannon Assault Cannon > --- INVENTORY -------- Gravmag System Cesium-ion Thruster Cesium-ion Thruster Cesium-ion Thruster Cesium-ion Thruster Improved VTOL Module Machine Analyzer ECM Suite Hacking Suite Hacking Suite Hacking Suite System Shield System Shield System Shield Authchip [Propulsion] Authchip [Device] System Restoration Module Mini Grenade Launcher Datajack Shock Maul [Rating: 42] Favorites ----------- Power Nuclear Core Engine Heavy Ion Engine Power Core Nuclear Core Propulsion Armored Huge Wheel Treads Light Treads Wheel Armored Huge Wheel Flight Unit Improved VTOL Module Utility Hardened Medium Armor Plating Device Cooling System Storage High-capacity Storage Unit Processor Advanced Targeting Computer Protection Hardened Medium Armor Plating Weapon Assault Cannon Energy Gun Improved Medium Laser Energy Cannon Plasma Cannon Ballistic Gun Improved Assault Rifle Ballistic Cannon Assault Cannon Impact Weapon Shock Maul Special Melee Weapon Datajack Build | -11 -10 -9 -9 -8 -8 -8 ------- Run | Yrd Mat Mat Min Mat Sto Gar Slots Evolved 4 | . . 2 . 2 . . Power . | . . . . . . . Propulsion . | . . . . . . . Utility 4 | . . 2 . 2 . . Weapon . | . . . . . . . Parts Attached 58 | 5 8 23 4 9 6 3 Power 10 | 1 1 4 1 1 . 2 Engine 6 | 1 1 4 . . . . Core 4 | . . . 1 1 . 2 Reactor . | . . . . . . . Propulsion 8 | 2 . 4 1 . 1 . Treads 2 | 2 . . . . . . Leg . | . . . . . . . Wheel 5 | . . 4 1 . . . Hover . | . . . . . . . Flight 1 | . . . . . 1 . Utility 20 | 1 2 7 2 4 3 1 Device 12 | . 1 4 2 1 3 1 Storage 2 | 1 1 . . . . . Processor 2 | . . 1 . 1 . . Hackware . | . . . . . . . Protection 4 | . . 2 . 2 . . Artifact . | . . . . . . . Weapon 20 | 1 5 8 . 4 2 . Energy Gun 3 | . . 2 . 1 . . Energy Cannon 4 | . . 2 . 1 1 . Ballistic Gun 5 | 1 1 3 . . . . Ballistic Cannon 6 | . 4 . . 2 . . Launcher . | . . . . . . . Special Weapon . | . . . . . . . Impact Weapon 1 | . . . . . 1 . Slashing Weapon . | . . . . . . . Piercing Weapon . | . . . . . . . Special Melee Weapon 1 | . . 1 . . . . Unidentified Prototypes 4 | . . 2 . . 2 . Parts Lost 10 | . . 3 . 1 . 6 Power 1 | . . 1 . . . . Propulsion 2 | . . 1 . . . 1 Utility 5 | . . . . 1 . 4 Weapon 2 | . . 1 . . . 1 Highest Loss Streak 4 | . . 2 . 1 . 4 To Critical Strikes . | . . . . . . . Average Backups 18 | 3 14 19 20 19 19 19 Power . | . . . 1 . . . Propulsion 3 | 1 3 2 2 1 4 5 Utility 9 | . 5 8 9 11 11 10 Weapon 5 | 1 5 7 5 5 2 2 Tool/Special . | . . . . . . . Unused Backups 45 | . 8 8 1 8 4 16 Power 2 | . 1 1 . . . . Propulsion 7 | . 2 . . . . 5 Utility 23 | . 4 4 . 2 3 10 Weapon 12 | . 1 2 1 6 1 1 Tool/Special 1 | . . 1 . . . . Average Slot Usage (%) 93 | . 99 99 90 88 88 88 Engine 5 | . 14 10 2 . . . Core 4 | . . . 8 9 9 9 Treads 5 | . 28 2 . . . . Wheel 10 | . . 19 12 9 8 9 Device 16 | . 13 17 22 11 17 16 Storage 10 | . 14 11 11 9 9 9 Processor 5 | . . 7 . 6 9 9 Protection 12 | . . 7 11 25 17 17 Energy Gun 4 | . . 6 22 5 . . Energy Cannon 1 | . . 1 . . 4 9 Ballistic Gun 3 | . 2 12 . . . . Ballistic Cannon 10 | . 25 1 . 12 12 9 Peak Build Rating 42 | 5 10 25 29 39 42 39 Average Rating 26 | 3 8 21 27 37 37 37 On Entrance 20 | . 5 10 25 29 36 38 Naked Turns . | . . . . . . . Heaviest Build 85 | 10 52 66 66 85 82 78 Greatest Support 40 | 40 40 40 28 28 28 28 Greatest Overweight (x) 25 | 3 1 4 2 3 25 2 Average Overweight (x) 1 | . . 1 2 2 2 2 Largest Inventory Capacity 20 | 8 20 20 20 20 20 20 Average Capacity 19 | 6 18 20 20 20 20 20 Most Carried 20 | 6 20 20 20 20 20 20 Average Carried 18 | 3 15 19 19 19 19 19 Final Capacity 20 | 8 20 20 20 20 20 20 Final Carried 20 | 4 20 20 20 20 20 19 Class Distribution -------------------- 86% | Mutant 13% | Commander-Mutant Dominant Class ---------------- Mutant | -10/Materials Mutant | -9/Materials Mutant | -9/Mines Mutant | -8/Materials Mutant | -8/Storage Commander-Mutant | -8/Garrison Resources | -11 -10 -9 -9 -8 -8 -8 ----------- Run | Yrd Mat Mat Min Mat Sto Gar Matter Collected 2631 | 78 523 877 40 565 475 73 Remotely 1124 | . 523 601 . . . . Salvage Created 3835 | . 264 1420 344 977 608 222 Parts 234 | . 26 101 23 32 40 12 Haulers Intercepted 16 | . 2 6 . 2 6 . Recyclers Shooed . | . . . . . . . Parts Field Recycled . | . . . . . . . Retrieved Matter . | . . . . . . . Parts Self-Destructed . | . . . . . . . Prevented . | . . . . . . . Kills | -11 -10 -9 -9 -8 -8 -8 ------- Run | Yrd Mat Mat Min Mat Sto Gar Combat Hostiles Destroyed 85 | . 9 26 11 24 10 5 Guns 40 | . . 24 11 5 . . Cannons 43 | . 9 2 . 17 10 5 Classes Destroyed 13 | . 5 5 . 2 . 1 Worker 2 | . 1 1 . . . . Builder 2 | . . 2 . . . . Hauler 16 | . 2 6 . 2 6 . Recycler 2 | . . 1 . 1 . . Mechanic 1 | . . 1 . . . . Operator 6 | . . 4 . 1 1 . Watcher 10 | . 3 5 . . 1 1 Swarmer 30 | . 6 13 6 2 3 . Grunt 30 | . 3 4 5 15 1 2 Brawler 1 | . . . . 1 . . Duelist 2 | . . . . 1 . 1 Sentry 21 | . . 9 . 5 6 1 Hunter 1 | . . . . . . 1 Best Kill Streak 14 | . 4 14 4 7 5 1 Combat Bots Only 8 | . 3 8 4 6 4 1 Max Kills in Single Turn 2 | . 1 2 2 1 2 1 Gunslinging 1 | . . 1 1 . . . Exploded . | . . . . . . . Melee . | . . . . . . . Uniques/NPCs Destroyed . | . . . . . . . Combat | -11 -10 -9 -9 -8 -8 -8 -------- Run | Yrd Mat Mat Min Mat Sto Gar Hostile Shots Fired 440 | . 56 135 33 106 38 72 Missed 133 | . 20 38 9 41 9 16 Hits 307 | . 36 97 24 65 29 56 Melee 1 | . . . 1 . . . Projectile 306 | . 36 97 23 65 29 56 Critical Strikes 9 | . 2 . 2 2 1 2 Damage Taken 3656 | . 241 905 211 823 352 1124 Core 727 | . 29 117 22 119 48 392 Absorbed by Shields 3 | . . . . . . 3 Ignored by Resistances 1015 | . 81 265 66 227 100 276 Regen/Repaired (Parts) 329 | . . . . . 329 . Core Remaining (%) 84 | 100 88 . 65 . . . Volleys Fired 269 | . 28 86 23 68 34 30 Largest 2 | . 2 2 2 2 2 2 Hottest 117 | . 60 112 112 112 117 117 Shots Fired 534 | . 56 172 46 136 68 56 Gun 240 | . 4 150 46 40 . . Cannon 294 | . 52 22 . 96 68 56 Launcher . | . . . . . . . Special . | . . . . . . . Kinetic 391 | . 56 146 . 96 63 30 Thermal 141 | . . 24 46 40 5 26 Explosive . | . . . . . . . Electromagnetic 2 | . . 2 . . . . Robot Hit Streak 26 | . 9 26 21 24 22 16 Robot Miss Streak 5 | . 5 3 1 2 4 1 Penetration Max . | . . . . . . . Secondary Targets 9 | . . 4 3 2 . . Max Gunslinging Chain 1 | . . 1 1 1 . . Shots Hit Robots 410 | . 32 137 34 109 53 45 Core Hits 170 | . 15 62 14 45 20 14 Critical Kills . | . . . . . . . Critical Parts Destroyed . | . . . . . . . Critical Strikes 17 | . 1 2 4 7 3 . Burn 5 | . . . 4 1 . . Blast 12 | . 1 2 . 6 3 . Melee Attacks 2 | . . . . . 2 . Impact 1 | . . . . . 1 . Slashing . | . . . . . . . Piercing . | . . . . . . . Sneak Attacks 2 | . . . . . 2 . Combat Hostiles . | . . . . . . . Follow-up Attacks . | . . . . . . . Damage Inflicted 8288 | . 597 2183 592 2364 1396 1156 Guns 3138 | . 36 1918 592 592 . . Cannons 5070 | . 561 265 . 1772 1316 1156 Explosions . | . . . . . . . Melee 80 | . . . . . 80 . Ramming . | . . . . . . . Kinetic 6026 | . 597 1802 . 1772 1238 617 Thermal 2144 | . . 343 592 592 78 539 Explosive . | . . . . . . . Electromagnetic 38 | . . 38 . . . . Impact 80 | . . . . . 80 . Slashing . | . . . . . . . Piercing . | . . . . . . . Highest Corruption . | . . . . . . . Average Corruption . | . . . . . . . Corruption Purged . | . . . . . . . Corruption Blocked . | . . . . . . . Overload Shots . | . . . . . . . Overflow Damage 86 | . 15 . . 16 32 23 Projectiles 86 | . 15 . . 16 32 23 Explosions . | . . . . . . . Melee . | . . . . . . . Knockbacks 25 | . 7 1 . 13 4 . Impact . | . . . . . . . Kinetic 24 | . 7 1 . 12 4 . Secondary 1 | . . . . 1 . . Self-Inflicted Damage . | . . . . . . . Shots . | . . . . . . . Rammed . | . . . . . . . Targets Rammed . | . . . . . . . Kicked . | . . . . . . . Crushed . | . . . . . . . Highest Temperature 637 | . 24 60 29 100 159 637 Average Temperature 99 | . 16 10 10 43 67 160 Received Heat Transfer 1377 | . 54 270 123 486 189 255 Effects 13 | . . . . . . 13 Shutdowns 3 | . . . . . . 3 Energy Bleed 1 | . . . . . . 1 Matter Decay 1 | . . . . . . 1 Damage (minor) 2 | . . . . . . 2 Damage (major) 4 | . . . . . . 4 Damage (core) 2 | . . . . . . 2 Siege Activations . | . . . . . . . Martial Activations . | . . . . . . . Shielding Activations . | . . . . . . . Robots Disrupted . | . . . . . . . Combat Hostiles . | . . . . . . . Robots Corrupted . | . . . . . . . Combat Hostiles . | . . . . . . . Parts Fried . | . . . . . . . Impact Corruptions . | . . . . . . . Robots Melted 1 | . . . . 1 . . Combat Hostiles 1 | . . . . 1 . . Parts Melted 16 | . . 3 3 8 1 1 Heat Transferred 4798 | . . 740 1591 1369 150 948 Parts Sabotaged . | . . . . . . . Parts Stolen . | . . . . . . . Parts Stripped . | . . . . . . . Power Chain Reactions . | . . . . . . . Alert | -11 -10 -9 -9 -8 -8 -8 ------- Run | Yrd Mat Mat Min Mat Sto Gar Maximum Alert Level 2 | . . 1 . 1 . 2 Low Security (%) 85 | 100 100 62 100 95 100 45 Level 1 14 | . . 37 . 4 . 51 Level 2 . | . . . . . . 3 Level 3 . | . . . . . . . Level 4 . | . . . . . . . Level 5 . | . . . . . . . High Security . | . . . . . . . Max Security . | . . . . . . . Peak Influence 403 | . 74 294 145 222 125 403 Initial 54 | . . . . 44 54 . Average 76 | . 13 154 25 48 30 223 Influence Increases 3139 | . 292 958 314 636 396 543 Destroy 0b10 Robot/C 1960 | . 180 520 220 480 200 360 Destroy 0b10 Robot/NC 195 | . 30 100 . 20 40 5 Destroy Leader 500 | . 40 182 40 124 94 20 Allied During Kill 115 | . . . . . 12 103 Successful Hack 123 | . 24 62 . 3 34 . Select Force Hacks 60 | . . 60 . . . . Disable Machine 36 | . 18 . 9 . 9 . Anti-Garrison Action 50 | . . . . . . 50 Destroy Structure 25 | . . 4 . 9 7 5 Partial Spotted 15 | . . 15 . . . . Lose Combat Pursuer 60 | . . 15 45 . . . Influence Decreases 2856 | . 292 958 179 619 548 260 Entered New Map 189 | . . . . 91 98 . Time Decay 2367 | . 292 928 179 518 450 . Lost Part 100 | . . 30 . 10 . 60 Lost Ally 200 | . . . . . . 200 Squads Dispatched 9 | . 1 3 1 2 2 . Investigation 5 | . 1 2 1 . 1 . Extermination . | . . . . . . . Reinforcement 4 | . . 1 . 2 1 . Assault . | . . . . . . . Garrison . | . . . . . . . Intercept . | . . . . . . . Searches Triggered . | . . . . . . . Construction Impeded . | . . . . . . . Haulers Reinforced . | . . . . . . . Active Scanning Responses . | . . . . . . . Cargo Convoy Interrupts . | . . . . . . . Stealth | -11 -10 -9 -9 -8 -8 -8 --------- Run | Yrd Mat Mat Min Mat Sto Gar Distress Signals 7 | . 1 1 . 1 2 2 Communications Jammed . | . . . . . . . Distress Signals . | . . . . . . . Times Spotted 145 | . 16 39 14 32 26 18 Peak Tracking Total 8 | . 4 5 4 6 8 4 Tactical Retreats 5 | . . 1 2 . 1 1 Traps | -11 -10 -9 -9 -8 -8 -8 ------- Run | Yrd Mat Mat Min Mat Sto Gar Traps Triggered 6 | . 1 3 . . . 2 Indirectly . | . . . . . . . Trap Hack Attempts 24 | . . . . . 24 . Triggered . | . . . . . . . Disarmed . | . . . . . . . Reprogrammed 3 | . . . . . 3 . Reused . | . . . . . . . Traps Extracted . | . . . . . . . Installed . | . . . . . . . Triggered . | . . . . . . . Most Traps Carried 3 | . . . 3 3 . . Machines | -11 -10 -9 -9 -8 -8 -8 ---------- Run | Yrd Mat Mat Min Mat Sto Gar Machines Disabled 5 | . 2 . 1 . 1 1 Max in Single Turn 1 | . 1 . 1 . 1 1 Garrison Relay 1 | . . . . . . 1 Machines Repaired . | . . . . . . . Machines Dismantled . | . . . . . . . Machines Sabotaged . | . . . . . . . Overloaded Fab Kills . | . . . . . . . Hacking | -11 -10 -9 -9 -8 -8 -8 --------- Run | Yrd Mat Mat Min Mat Sto Gar Machines Accessed 37 | . 7 11 1 5 11 2 Terminals 29 | . 7 9 . 3 8 2 Fabricators . | . . . . . . . Repair Stations 1 | . . . . . 1 . Recycling Units 3 | . . 1 . 1 1 . Scanalyzers 2 | . . 1 . 1 . . Garrison Access 1 | . . . . . 1 . Total Hacks 133 | . 20 38 1 27 44 3 Successful 89 | . 14 27 1 18 28 1 Failed 44 | . 6 11 . 9 16 2 Catastrophic 3 | . . 2 . . . 1 Database Lockouts . | . . . . . . . Manual 86 | . 18 27 . 12 29 . Terminals 109 | . 20 34 . 16 36 3 Fabricators . | . . . . . . . Repair Stations 5 | . . . . . 5 . Recycling Units 5 | . . 3 . 1 1 . Scanalyzers 11 | . . 1 . 10 . . Garrison Access 2 | . . . . . 2 . Terminal Hacks 27 | . 2 12 1 2 9 1 Record 1 | . . . . . 1 . Part Schematic 1 | . . . . . 1 . Robot Schematic 1 | . . . . . 1 . Robot Analysis 1 | . . 1 . . . . Prototype ID Bank 11 | . 1 5 . 2 3 . Open Door 2 | . . . 1 . . 1 Branch Access Points 1 | . . 1 . . . . Terminal Index 1 | . . 1 . . . . Locate Traps 3 | . 1 1 . . 1 . Dispatch Records 1 | . . 1 . . . . Hauler Manifests 1 | . . . . . 1 . Zone Layout 3 | . . 2 . . 1 . Fabricator Hacks . | . . . . . . . Repair Station Hacks 4 | . . . . . 4 . Scan Component 2 | . . . . . 2 . Repair 2 | . . . . . 2 . Recycling Unit Hacks 4 | . . 2 . 1 1 . Report Inventory 3 | . . 1 . 1 1 . Retrieve Components 1 | . . 1 . . . . Scanalyzer 10 | . . . . 10 . . Insert Component 5 | . . . . 5 . . Analyze 5 | . . . . 5 . . Garrison Access Hacks 2 | . . . . . 2 . Unlock Access 1 | . . . . . 1 . Coupler Status 1 | . . . . . 1 . Unauthorized Hacks 42 | . 12 13 . 5 12 . Terminals 40 | . 12 11 . 5 12 . Track 1 | . . . . . 1 . Botnet 19 | . 6 5 . 3 5 . Operators 1 | . . . . . 1 . Skim 19 | . 6 6 . 2 5 . Fabricators . | . . . . . . . Repair Stations . | . . . . . . . Recycling Units 1 | . . 1 . . . . Tunnel 1 | . . 1 . . . . Scanalyzers 1 | . . 1 . . . . Extract 1 | . . 1 . . . . Garrison Access . | . . . . . . . Data Cores Recovered 3 | . . 3 . . . . Used . | . . . . . . . Hacking Detections 31 | . 7 9 . 4 9 2 Full Trace Events . | . . . . . . . Feedback Events . | . . . . . . . Feedback Blocked . | . . . . . . . Robot Schematics Acquired 1 | . . . . . 1 . Robots Built . | . . . . . . . Authchips . | . . . . . . . Time . | . . . . . . . Total Robot Build Rating . | . . . . . . . Part Schematics Acquired 9 | . . 3 . 5 1 . Parts Built . | . . . . . . . Authchips . | . . . . . . . Time . | . . . . . . . Total Part Build Rating . | . . . . . . . Parts Repaired 2 | . . . . . 2 . Time 76 | . . . . . 76 . Parts Recycled . | . . . . . . . Recycled Matter . | . . . . . . . Retrieved Matter . | . . . . . . . Retrieved Components 3 | . . 3 . . . . Parts Scanalyzed 5 | . . . . 5 . . Part Schematics Acquired 5 | . . . . 5 . . Parts Damaged . | . . . . . . . Bothacking | -11 -10 -9 -9 -8 -8 -8 ------------ Run | Yrd Mat Mat Min Mat Sto Gar Used RIF Installer . | . . . . . . . Robots Hacked 1 | . . . . . 1 . Non-combat 1 | . . . . . 1 . Combat . | . . . . . . . Robot Hacks Applied 1 | . . . . . 1 . no_distress 1 | . . . . . 1 . Relay Couplers Released 8 | . . . . . . 8 Machine Destruction 5 | . . . . . . 5 Programmers 3 | . . . . . . 3 Fabnet Peak Effective % . | . . . . . . . Robots Rewired . | . . . . . . . Allies Hacked . | . . . . . . . Hacks Repelled . | . . . . . . . Allies | -11 -10 -9 -9 -8 -8 -8 -------- Run | Yrd Mat Mat Min Mat Sto Gar Total Allies 11 | . . . . . 10 1 Largest Group 11 | . . . . . 10 11 Highest-Rated Group 212 | . . . . . 173 212 Highest-Rated Ally 39 | . . . . . 29 39 Total Orders . | . . . . . . . Ally Attacks 110 | . . . . . 1 109 Total Damage 1348 | . . . . . 15 1333 Kills 14 | . . . . . . 14 Allies Corrupted . | . . . . . . . Allies Melted . | . . . . . . . Intel | -11 -10 -9 -9 -8 -8 -8 ------- Run | Yrd Mat Mat Min Mat Sto Gar Active Infowar (turns) 3409 | . . 1390 344 . 1198 477 Sensors 2456 | . . 1390 . . 601 465 ECM 1996 | . . . 344 . 1175 477 Robot Analysis Total 1 | . . 1 . . . . Derelict Logs Recovered 1 | . . . 1 . . . Drone Launches 4 | . . . . . 4 . Drone Recoveries . | . . . . . . . Exploration | -11 -10 -9 -9 -8 -8 -8 ------------- Run | Yrd Mat Mat Min Mat Sto Gar Turns Passed 7485 | 60 1345 1954 773 1511 1284 558 Spaces Moved 4117 | 41 524 1257 478 915 699 203 Core 22 | 21 . . . . 1 . Treads 594 | 20 524 50 . . . . Legs . | . . . . . . . Wheels 3501 | . . 1207 478 915 698 203 Hover . | . . . . . . . Flight . | . . . . . . . Fastest Speed 50 | 50 160 105 120 130 130 130 Average Speed 140 | 114 224 124 128 130 131 130 Slowest Speed 1300 | 200 240 240 130 145 1300 130 Overloaded Moves . | . . . . . . . Propulsion Burnouts . | . . . . . . . Robots Hopped . | . . . . . . . Potential Cave-ins . | . . . . . . . Cave-ins Triggered . | . . . . . . . Exploration Rate (%) 61 | 3 77 82 76 66 87 37 Regions Visited 6 Branch Regions 2 Pre-discovered Areas 3 | . . 3 . . . . Known Exits Taken 5 | . 1 1 1 1 1 . Unknown Exits Taken 1 | 1 . . . . . . Scrap Searched 1 | . . . 1 . . . Spaces Dug . | . . . . . . . Terrain Destroyed 15 | . . . . 8 7 . Melee . | . . . . . . . Projectile 15 | . . . . 8 7 . AOE . | . . . . . . . Terrain Rammed . | . . . . . . . Walls Destroyed . | . . . . . . . Machines Disabled . | . . . . . . . Actions | -11 -10 -9 -9 -8 -8 -8 --------- Run | Yrd Mat Mat Min Mat Sto Gar Total 5308 | 54 640 1476 594 1108 993 443 Wait 601 | . 35 53 73 69 188 183 Move 4111 | 40 523 1256 477 914 698 203 Hop . | . . . . . . . Pick Up 125 | 9 32 34 8 25 13 4 Fast Attach . | . . . . . . . Attach 34 | 5 2 14 1 4 7 1 Detach 1 | . . . . . 1 . Swap 38 | . 6 13 3 5 9 2 Drop 80 | . 14 20 9 23 10 4 Fire 269 | . 28 86 23 68 34 30 Melee 2 | . . . . . 2 . Ram . | . . . . . . . Kick . | . . . . . . . Crush . | . . . . . . . Escape Stasis 16 | . . . . . . 16 Rewire 7 | . . . . . 7 . Trap 24 | . . . . . 24 . Miscellaneous . | . . . . . . . Route ------- -11/Scrapyard -10/Materials (discovered 4 exits: *Mat x3 / [*Min]) -9/Materials (discovered 5 exits: *Mat x3 / *Min x2) -9/Mines (discovered 2 exits: *Mat / [*Zio]) -8/Materials (discovered 3 exits: *Fac x2 / *Sto) -8/Storage (discovered 3 exits: *Fac / [*Rec] / Gar) -8/Garrison (discovered 1 exit: *Fac) History --------- Turn | Location | Event 40 | -11/Scrapyard | Discovered new exit (range 14) 61 | -11/Scrapyard | Entered Materials 316 | -10/Materials | Build established: Mutant 627 | -10/Materials | Discovered new exit (range 16) 1026 | -10/Materials | Discovered new exit (range 16) 1073 | -10/Materials | Learned Storage stockpile data 1131 | -10/Materials | Identified exit to Materials 1180 | -10/Materials | Learned Storage trap positions 1202 | -10/Materials | Discovered exit to Materials (range 16) 1221 | -10/Materials | Learned 2 Storage zone layouts 1250 | -10/Materials | Loaded intel: 14 trap records 1290 | -10/Materials | Loaded intel: 7 terminal locations 1339 | -10/Materials | Learned Storage stockpile data 1406 | -10/Materials | Entered another Materials area 1406 | -9/Materials | Evolved 2 slots: Utility x2 1578 | -9/Materials | Destroyed 8 combat bots 2142 | -9/Materials | Identified exit to Mines 2175 | -9/Materials | Discovered new exit (range 15) 2520 | -9/Materials | Identified exit to Materials 2629 | -9/Materials | Learned 2 Storage zone layouts 2656 | -9/Materials | Learned location of 1 exit from Materials 2677 | -9/Materials | Loaded intel: 15 trap records 2707 | -9/Materials | Learned location of Recycling (-8) 3360 | -9/Materials | Entered Mines 3391 | -9/Mines | A Derelict revealed a hidden shortcut to a safe place 3473 | -9/Mines | Met a Derelict shopkeep closing up shop 3536 | -9/Mines | Learned Materials emergency access door positions 3632 | -9/Mines | Received a Rocket Launcher from a helpful Derelict 3845 | -9/Mines | Found a hidden stash of uninstalled traps 4006 | -9/Mines | Discovered exit to Materials (range 8) 4133 | -9/Mines | Entered Materials 4133 | -8/Materials | Evolved 2 slots: Utility x2 4134 | -8/Materials | Identified exit to Storage 4135 | -8/Materials | Identified exit to Factory 4510 | -8/Materials | Discovered exit to Factory (range 7) 5644 | -8/Materials | Entered Storage 5646 | -8/Storage | Loaded intel: 9 trap records 5692 | -8/Storage | Repaired Hrd. Medium Armor Plating 5730 | -8/Storage | Repaired Hrd. Medium Armor Plating 5794 | -8/Storage | Met 01-MTF 6368 | -8/Storage | Assisted by bots powering up and referring to "LRC-V3" 6452 | -8/Storage | Discovered new exit (range 6) 6688 | -8/Storage | Discovered exit to Factory (range 8) 6693 | -8/Storage | Build established: Commander-Mutant 6828 | -8/Storage | Learned Factory stockpile data 6888 | -8/Storage | Identified exit to Garrison 6902 | -8/Storage | Learned 12 Factory zone layouts 6928 | -8/Storage | Entered Garrison 6928 | -8/Garrison | Accompanied by 11 allies (01-MTF) 6931 | -8/Garrison | 01-MTF left 6976 | -8/Garrison | Triggered checkpoint 6992 | -8/Garrison | Garrison Relay disabled 7035 | -8/Garrison | Rescued a captive Derelict 7175 | -8/Garrison | Triggered checkpoint 7194 | -8/Garrison | Triggered checkpoint 7240 | -8/Garrison | Triggered checkpoint 7255 | -8/Garrison | Lost 3 allies 7383 | -8/Garrison | Spotted B-75 Beast 7433 | -8/Garrison | Discovered exit to Factory (range 10) 7447 | -8/Garrison | Lost 6 allies 7470 | -8/Garrison | Core integrity fell below 50% 7486 | -8/Garrison | Core integrity fell below 20% 7487 | -8/Garrison | Core destroyed Last Messages --------------- 07455_ Penetrated by Slug. 07455_ H-55 Commando destroyed. 07466_ Hrd. Medium Armor Plating destroyed. 07466_ Knocked back. 07467_ Acquired 6 matter. 07468_ Power failure, Mic. Nuclear Core shutdown. 07473_ Overheating: Plasma Cannon damaged (-25). 07475_ Overheating: Mic. Nuclear Core damaged (-5). 07475_ Overheating: Hcp. Storage Unit damaged (-274). 07475_ Overheating: Hrd. Medium Armor Plating damaged (-31). 07475_ Overheating: Assault Cannon damaged (-23). 07476_ Hrd. Medium Armor Plating destroyed. 07477_ Overheating: Matter decay (-36). 07478_ Overheating: Core damaged (-82). 07481_ Power failure, Mic. Nuclear Core shutdown. 07482_ Arm. Huge Wheel destroyed. 07484_ Overheating: Plasma Cannon damaged (-24). 07485_ Plasma Cannon destroyed. 07486_ Power failure, Mic. Nuclear Core shutdown. 07487_ Overheating: Core damaged (-66). Map ----- +----------------------------------------------------+ | | | | | | | | | | | | | | | | | | | | | | | | | | | | | | | ??????????????????????????????????????????????? | | ??????????????????????????????????????????????? | | ??????????????????????????????????????????????? | | ??????????????????????????????????????????????? | | ??????????????????????????????????????????????? | | ??????????????????????????????????????????????? | | ??????????????????????????????????????????????? | | ??????????????????????????????????????????????? | | ??????????????????????????????????????????????? | | ?????????????????????################?????????? | | ?????????????????????# @ % #?????????? | | ?????????????????????# % < #?????????? | | ?????????????????????# #?????????? | | ?????????????????????# ############?????????? | | ?????????????????????# [%#????????????????????? | | ?????????????????????# BB#????????????????????? | | ?????????????????????# BB###########??????????? | | ?????????????????????# % ???????? | | ?????????????????????#% ???????? | | ?????????????????????# ####""""###??????????? | | ?????????????????????# #????????????????????? | | ?????????????????????# #????????????????????? | | ?????????????????????# #????????????????????? | | ?????????????????????# #????????????????????? | | ?????????????????????# #????????????????????? | | ?????????????????????# #????????????????????? | | ?????????????????????# #????????????????????? | | ?????????????????????# #????????????????????? | | ?????????????????????# #????????????????????? | | ??????????#??????????# #????????????????????? | | ??????????# ?????????# %#????????????????????? | | ############"######### #????????????????????? | | # % [ *!% ####"""??????????????? | | # %%% =!%% ???????????? | | # *% *[%=! % ?????????? | +----------------------------------------------------+ Best States ------------- Heat Dissipation 72 Energy Generation 15 Energy Capacity 280 Matter Stores 300 Matter Capacity 300 Sight Range 16 Robot Scan Range 15 Terrain Scan Density 10 ECM Strength 1 Armor Coverage 675 Resistance: KI 20 Resistance: TH 20 Resistance: EX 20 Resistance: EM 20 Resistance: I 20 Resistance: S 20 Resistance: P 20 Evasion (%) 50 Targeting Accuracy 8 Recoil Reduction 2 Offensive Hacking 10 Authchip Count 2 Trap Extractor Capacity 4 Item Schematics ----------------- Lgt. EM Pulse Cannon | -9/Materials | Extracted Seismic Detector | -9/Materials | Extracted Structural Scanner | -9/Materials | Extracted System Shield | -8/Materials | Scanalyzed Hacking Suite | -8/Materials | Scanalyzed Machine Analyzer | -8/Materials | Scanalyzed Gravmag System | -8/Materials | Scanalyzed Imp. Propulsion Shielding | -8/Materials | Scanalyzed Hvy. Rocket Launcher | -8/Storage | Hacked Robot Schematics ------------------ G-47 Trooper | -8/Storage | Hacked Fabricated ------------ Nothing Repaired ---------- Hrd. Medium Armor Plating | 27% | -8/Storage Hrd. Medium Armor Plating | 35% | -8/Storage Alien Tech Used ----------------- None Achievements -------------- None Challenges ------------ None Game ------ Seed OmegaSpliceTurbovents Manual? 0 Play Time 01:29:50 Cumulative 103.2 hours Start 2025.08.28 @ 19:58:13 End 2025.08.29 @ 23:59:41 Sessions 3 Manual Loads 0 Difficulty Adventurer Special Mode None Game No. 73 Rogue 0 Adventurer 73 Explorer 0 Win Type - Total 0 Types 0/0/0/0/0/0/0/0/0/0 Lore% 21 Gallery% 41 Achievement% 37 Wizard Run 0 Options --------- Layout 0 ASCII 0 Keyboard 0 Movement Numpad Keybinds 0 Fullscreen 1 Font 18/SmallcapsGlow Map View 76x50 Zoom Use 0% Tactical HUD 1 Map Filters NONE Filters NONE Steam 1 RUN: e9626b47-fc20-4e53-b37a-50b7295aae1b